 Dungeon Crawl Stone Soup version 0.27.0-1-g7a089689b8 (webtiles) character file.

Game seed: 15385957162953643325

53 Malachi the Chiller (level 3, 0/24 HPs)
             Began as a Demonspawn Ice Elementalist on Aug 17, 2021.
             Was a Follower of Dithmenos.
             Slain by a hound skeleton (3 damage)
             ... on level 2 of the Dungeon.
             The game lasted 00:03:09 (2538 turns).

Malachi the Chiller (Demonspawn Ice Elementalist)   Turns: 2538, Time: 00:03:10

Health: 0/24       AC:  4    Str:  8    XL:     3   Next: 64%
Magic:  5/6        EV: 12    Int: 17    God:    Dithmenos [*.....]
Gold:   65         SH:  0    Dex: 13    Spells: 2/6 levels left

rFire    . . .     SeeInvis .   (no weapon)
rCold    . . .     Faith    .   (no shield)
rNeg     . . .     Spirit   .   a - +0 robe
rPois    .         Reflect  .   (no helmet)
rElec    .         Harm     .   (no cloak)
rCorr    .         Rampage  .   (no gloves)
Will     .....                  (no boots)
Stlth    ++........             (no amulet)
HPRegen  0.08/turn              (no ring)
MPRegen  0.10/turn              (no ring)

@: wreathed by umbra
A: slimy green scales 1
a: Renounce Religion


You were on level 2 of the Dungeon.
You worshipped Dithmenos.
Dithmenos was aware of your devotion.
You visited 1 branch of the dungeon, and saw 2 of its levels.

You collected 65 gold pieces.

Inventory:

Armour
 a - a +0 robe (worn)
Scrolls
 b - 2 scrolls of amnesia {unknown}
 c - 2 scrolls of blinking {unknown}
 d - a scroll of enchant armour {unknown}
Potions
 e - a potion of attraction {unknown}


   Skills:
 + Level 0.3 Fighting
 + Level 2.0 Dodging
 + Level 1.8 Stealth
 + Level 0.1 Unarmed Combat
 + Level 2.4 Spellcasting
 * Level 4.4 Ice Magic


You had 2 spell levels left.
You knew the following spells:

 Your Spells              Type           Power      Damage    Failure   Level
a - Freeze                Ice            68%        1d8       3%          1
b - Frozen Ramparts       Ice            34%        1d5       9%          3

Your spell library contained the following spells:

 Spells                   Type           Power      Damage    Failure   Level
 Ozocubu's Armour         Ice            17%        N/A       9%          3
 Hailstorm                Conj/Ice       9%         3d4       58%         4


Dungeon Overview and Level Annotations

Branches:
Dungeon (2/15)

Altars:
Dithmenos


Innate Abilities, Weirdness & Mutations

You are partially covered in slimy green scales. (AC +2)


Message History

Casting: Freeze (safe; 3% risk of failure)
Confirm with . or Enter, or press ? or * to list all spells.
Aiming: Freeze (safe; 3% risk of failure)
Press: ? - help, Shift-Dir - straight line, f/p - hound skeleton
Aim: a hound skeleton (umbra)
You freeze the hound skeleton but do no damage.
The hound skeleton completely resists.
The hound skeleton bites you but does no damage.
The adder zombie bites you.
* * * LOW HITPOINT WARNING * * *
Casting: Freeze (safe; 3% risk of failure)
Confirm with . or Enter, or press ? or * to list all spells.
Aiming: Freeze (safe; 3% risk of failure)
Press: ? - help, Shift-Dir - straight line, f/p - hound skeleton
Aim: a hound skeleton (umbra)
You freeze the hound skeleton.
The hound skeleton resists.
The hound skeleton is lightly damaged.
The hound skeleton misses you. The adder zombie closely misses you.
Unknown command.
The hound skeleton bites you but does no damage.
The hound skeleton bites you but does no damage.
The adder zombie bites you but does no damage.
The hound skeleton closely misses you. The adder zombie closely misses you.
The hound skeleton bites you but does no damage.
The hound skeleton bites you.
* * * LOW HITPOINT WARNING * * *
You barely miss the hound skeleton.
The hound skeleton is lightly damaged.
The hound skeleton closely misses you.
You hit the hound skeleton.
The hound skeleton is lightly damaged.
The hound skeleton bites you but does no damage.
You barely miss the hound skeleton.
The hound skeleton is lightly damaged.
The hound skeleton misses you. The hound skeleton barely misses you.
You hit the hound skeleton.
The hound skeleton is lightly damaged.
The hound skeleton bites you.
You die...

#.#>## #####...######.....
...#..# #.......# #§....
#.##.##.###.......#
###§§§§§
#............##...#
#.§§§P##
.§.§.#.....########
#.§§.§# §..§§§§#...#.###
#§P§§§# #.§§§ §§...#.#.Z.#
#§P§P§# ...§
P§.##.###.#########...§§##
..<§ ..## ..#
#@ZZ.....#.......# #..§
..( .## #######...........
.. .. #..#........<
#.##......... #..
#......... #.# #.........
#. ##.....$.# #.
#......... #..(......


You could see an adder zombie, a bat skeleton (wandering) and a hound skeleton.

Vanquished Creatures
  A gnoll (D:1)
  An adder (D:2)
  3 ball pythons (D:1)
  A bat skeleton (D:2)
  2 endoplasms (D:1)
  3 giant cockroaches (D:1)
  3 goblins
  5 hobgoblins
  5 bats (D:1)
  A frilled lizard (D:2)
  A jackal zombie (D:2)
  A kobold (D:1)
  7 rats
34 creatures vanquished.

Vanquished Creatures (others)
  A withered plant (D:2)
1 creature vanquished.

Grand Total: 35 creatures vanquished

Notes
Turn   | Place    | Note
-------+----------+-------------------------------------------
     0 | D:1      | Malachi the Demonspawn Ice Elementalist began the quest for
                  | the Orb.
     0 | D:1      | Reached XP level 1. HP: 13/13 MP: 3/3
   605 | D:1      | Gained mutation: You are partially covered in slimy green
                  | scales. (AC +2) [demonic ancestry]
   605 | D:1      | Reached XP level 2. HP: 19/19 MP: 1/5
   874 | D:1      | Reached skill level 4 in Ice Magic
  1227 | D:1      | Reached XP level 3. HP: 23/24 MP: 2/6
  1231 | D:1      | Learned a level 3 spell: Frozen Ramparts
  1358 | D:1      | Found a faded altar of an unknown god.
  1532 | D:1      | Became a worshipper of Dithmenos the Shadowed
  1532 | D:1      | Reached * piety under Dithmenos
  2538 | D:2      | Slain by a hound skeleton

Illustrated notes

Levels and vault maps discovered:
D:1:      lemuel_arrival_funnel, layout_basic,
          hellmonk_ecumenical_altar_arch_garden
D:2:      layout_rooms, serial_undead, serial_undead_e, serial_undead_f,
          serial_undead_d, serial_undead_b, serial_undead_c, serial_undead_b,
          serial_undead_b

Skill      XL: |  1  2  3 |
---------------+----------+-----
Ice Magic      | 4 |  4.4
Dodging        | 2 |  2.0
Fighting       | |  0.3
Stealth        | |  1.8
Unarmed Combat | |  0.1
Spellcasting   | |  2.4

Action                   || total
-------------------------++-------
Melee: Unarmed           ||   115
 Cast: Freeze            ||    53
       Frozen Ramparts   ||     1
Armor: Robe              ||   100
Dodge: Dodged            ||   246
